[Event "Meltwater Champions Chess Tour 2022: Chessable Masters | Prelims"]
[White "Harikrishna, Pentala"]
[Black "Mishra, Abhimanyu"]
[WhiteFideId "5007003"]
[BlackFideId "30920019"]
[WhiteElo "2624"]
[BlackElo "2524"]
[Result "1-0"]
[Round "14"]
[TimeControl "900+10"]
[Date "2022.05.22"]
[WhiteClock "0:02:06"]
[BlackClock "0:00:11"]

1. e4 c5 2. Nf3 d6 3. d4 cxd4 4. Nxd4 Nf6 5. Nc3 a6 6. a4 e5 7. Nf3 Be7 8. Bg5 Be6 9. Bxf6 Bxf6 10. Nd5 Nd7 11. Bc4 Rc8 12. Qe2 Nb6 13. Nxb6 Qxb6 14. Bxe6 fxe6 15. c3 O-O 16. O-O a5 17. Rfd1 Be7 18. Rd3 Rf4 19. g3 Rf7 20. h4 Rcf8 21. Kg2 Qa6 22. Re1 Qc4 23. Qd1 h6 24. Re2 Kh7 25. b3 Qc6 26. c4 Qc5 27. Ree3 Kg8 28. Rd2 Kh8 29. Red3 Bd8 30. Qh1 Qb4 31. Re2 Bb6 32. Qh3 Rf6 33. Qg4 Bc5 34. h5 Qb6 35. Nh4 Rxf2+ 36. Rxf2 Rxf2+ 37. Kh3 Qd8 38. Qxe6 Qg5 39. Qe8+ Kh7 40. Qg6+ Kg8 41. Rf3 Qxg6 42. hxg6 Rxf3 43. Nxf3 Kf8 44. Kg4 Ke7 45. Kf5 Bf2 46. g4 Be3 47. Ne1 b6 48. Nd3 Bd2 49. c5 bxc5 50. Nb2 Kd7 51. Nc4 Be1 52. Nb6+ Ke7 53. Nd5+ Kd7 54. Nf6+ Ke7 55. Nh5 Kf8 56. Ke6 Bb4 57. Ng3 Ba3 58. Nf5 Bb2 59. Nxd6 Bc3 60. Kd7 Bb4 61. Nb7 Bc3 62. Nxc5 Bb4 63. Ne6+ Kg8 64. Ke8 Bd6 65. Nd8 Bb4 66. Nc6 Bc3 67. Ne7+ Kh8 68. Kf7 Bb4 69. Nf5 1-0


[Site "http://www.chessbomb.com"]

[Event "Meltwater Champions Chess Tour 2022: Chessable Masters | Prelims"]
[White "Jones, Gawain C B"]
[Black "Van Foreest, Jorden"]
[WhiteFideId "409561"]
[BlackFideId "1039784"]
[WhiteElo "2630"]
[BlackElo "2645"]
[Result "0-1"]
[Round "14"]
[TimeControl "900+10"]
[Date "2022.05.22"]
[WhiteClock "0:08:30"]
[BlackClock "0:10:21"]

1. Nf3 d5 2. g3 g6 3. Bg2 Bg7 4. O-O e5 5. d3 Nc6 6. e4 dxe4 7. dxe4 Qxd1 8. Rxd1 Bg4 9. Nbd2 Nd4 10. c3 Ne2+ 11. Kf1 Nxc1 12. Raxc1 O-O-O 13. h3 Bd7 14. Ke1 f6 15. Nc4 Nh6 16. Nfd2 Nf7 17. Ne3 c6 18. Ndc4 Kc7 19. b4 f5 20. h4 f4 21. Nc2 Be6 22. Bf1 g5 23. a3 fxg3 24. fxg3 gxh4 25. gxh4 Bf6 26. N2e3 Bxh4+ 27. Ke2 Bg5 28. Ra1 Bf4 29. Bg2 Ng5 30. Rxd8 Rxd8 31. Rh1 Bf7 32. Nb2 Bg6 33. Nd3 Nxe4 34. Nxf4 exf4 35. Bxe4 Bxe4 36. Rh4 Bd3+ 0-1


[Site "http://www.chessbomb.com"]

[Event "Meltwater Champions Chess Tour 2022: Chessable Masters | Prelims"]
[White "Anton Guijarro, David"]
[Black "Mamedyarov, Shakhriyar"]
[WhiteFideId "2285525"]
[BlackFideId "13401319"]
[WhiteElo "2633"]
[BlackElo "2699"]
[Result "1/2-1/2"]
[Round "14"]
[TimeControl "900+10"]
[Date "2022.05.22"]
[WhiteClock "0:01:05"]
[BlackClock "0:01:13"]

1. e4 e5 2. Nf3 Nc6 3. Bb5 a6 4. Ba4 Nf6 5. d3 b5 6. Bb3 Bc5 7. Nc3 h6 8. Nd5 d6 9. c3 Rb8 10. O-O O-O 11. Bc2 Ba7 12. h3 Be6 13. Nxf6+ Qxf6 14. Be3 Qg6 15. Kh2 Qh5 16. d4 Bg4 17. d5 Bxe3 18. fxe3 Ne7 19. Qe1 f5 20. Qg3 fxe4 21. Qxg4 Qxg4 22. hxg4 exf3 23. gxf3 g5 24. Be4 Kg7 25. Kg3 Ng8 26. Bf5 h5 27. b4 Nf6 28. e4 hxg4 29. fxg4 a5 30. Rh1 Ra8 31. a3 Ra6 32. a4 axb4 33. axb5 Ra3 34. Rxa3 bxa3 35. Ra1 Ra8 36. Kf3 Ng8 37. Ke3 Ne7 38. Be6 Ng6 39. Kd2 Nf4 40. Bf5 Kf6 41. Kc2 a2 42. Kb3 Nd3 43. Kc2 Nc5 44. Kb2 Nd3+ 45. Kc2 Nc5 46. Kb2 Nd3+ 47. Kc2 1/2-1/2


[Site "http://www.chessbomb.com"]

[Event "Meltwater Champions Chess Tour 2022: Chessable Masters | Prelims"]
[White "Ding, Liren"]
[Black "Hansen, Eric"]
[WhiteFideId "8603677"]
[BlackFideId "2606771"]
[WhiteElo "2836"]
[BlackElo "2579"]
[Result "1/2-1/2"]
[Round "14"]
[TimeControl "900+10"]
[Date "2022.05.22"]
[WhiteClock "0:00:57"]
[BlackClock "0:01:03"]

1. c4 Nf6 2. Nf3 c5 3. Nc3 d5 4. cxd5 Nxd5 5. e3 Nc6 6. Bb5 Nxc3 7. bxc3 Bd7 8. O-O e6 9. d4 Be7 10. e4 a6 11. Be2 O-O 12. Bf4 cxd4 13. cxd4 Qa5 14. Rb1 Rfd8 15. Rxb7 Qxa2 16. Bc7 Rdc8 17. Bb6 Bd8 18. d5 exd5 19. exd5 Nb8 20. Bxd8 Rxd8 21. Ne5 Ba4 22. Qe1 Nd7 23. Nc6 Re8 24. Rxd7 Qxe2 25. Ne7+ Rxe7 26. Rxe7 Qd3 27. Qe5 Bb5 28. Re1 h6 29. h3 Rd8 30. Qc7 Rxd5 31. Rxf7 Rg5 32. h4 Rg6 33. h5 Rg5 34. Rfe7 Qd5 35. Qc8+ Kh7 36. Qh3 Bc6 37. f3 Qc5+ 38. R7e3 Rxh5 39. Qe6 Rg5 40. Kf2 a5 41. g4 Bd5 42. Qe7 Qc4 43. Qa3 Rg6 44. Qd3 Qc5 45. Kg3 Bc4 46. Qc2 Qd6+ 47. Kh3 Bf7 48. Re5 Qb4 49. Qf5 Qb3 50. R1e3 Qc4 51. Re7 Qf1+ 52. Kg3 Qg1+ 53. Kh3 Qh1+ 54. Kg3 Qg1+ 55. Kh3 Qh1+ 56. Kg3 Qg1+ 1/2-1/2


[Site "http://www.chessbomb.com"]

[Event "Meltwater Champions Chess Tour 2022: Chessable Masters | Prelims"]
[White "Van Foreest, Jorden"]
[Black "Anton Guijarro, David"]
[WhiteFideId "1039784"]
[BlackFideId "2285525"]
[WhiteElo "2645"]
[BlackElo "2633"]
[Result "1/2-1/2"]
[Round "15"]
[TimeControl "900+10"]
[Date "2022.05.22"]
[WhiteClock "0:00:45"]
[BlackClock "0:00:51"]

1. e4 e5 2. Nf3 Nc6 3. Bc4 Bc5 4. c3 Nf6 5. d3 d6 6. O-O a5 7. Re1 O-O 8. h3 Ba7 9. a4 h6 10. Nbd2 Be6 11. Bxe6 fxe6 12. Nf1 Nh5 13. Be3 Qe8 14. Bxa7 Rxa7 15. Re3 Nf4 16. h4 Qg6 17. g3 d5 18. N1h2 d4 19. Re1 Nh5 20. Kh1 Nf6 21. Ng1 Nd7 22. Ngf3 Nc5 23. Qc2 b6 24. Rab1 Nd7 25. Qb3 Qe8 26. Rec1 Nc5 27. Qc4 dxc3 28. bxc3 Nd8 29. Ra1 Nf7 30. Rd1 Ra8 31. Qa2 Rd8 32. Qc2 Nd7 33. Ng4 h5 34. Ne3 Nd6 35. Kg2 Qg6 36. Qe2 Rf6 37. Rf1 Rdf8 38. Ng5 Nf7 39. Nh3 Nd6 40. f3 Nf7 41. Nc4 Qh6 42. d4 g5 43. Nxe5 Ndxe5 44. dxe5 Rg6 45. hxg5 Nxg5 46. Qe3 h4 47. g4 Qg7 48. Nxg5 Rxg5 49. Rh1 Rxg4+ 50. fxg4 Qxg4+ 51. Kh2 Rf3 52. Qxf3 Qxf3 53. Rhg1+ Kh7 54. Raf1 Qe2+ 55. Kh3 Qe3+ 56. Kxh4 Qh6+ 57. Kg4 Qe3 58. Rf7+ Kg8 59. Rff1 Qxe4+ 60. Kh3+ Kh7 61. Rg3 Kh6 62. Kh2 Qe2+ 63. Kg1 Qxe5 64. Rg2 Qe3+ 65. Kh1 Kh5 66. c4 Qe5 67. Rh2+ Kg4 68. Rg2+ Kh3 69. Rf3+ Kh4 70. Rg8 Qe1+ 71. Kg2 Qe2+ 72. Rf2 Qe4+ 73. Kg1 Qe1+ 74. Rf1 Qe3+ 75. Kh1 Qe4+ 76. Kh2 Qe2+ 77. Kg1 Qe3+ 78. Rf2 Qe1+ 79. Kg2 Qe4+ 80. Kf1 Qb1+ 81. Kg2 Qe4+ 1/2-1/2


[Site "http://www.chessbomb.com"]

[Event "Meltwater Champions Chess Tour 2022: Chessable Masters | Prelims"]
[White "Mishra, Abhimanyu"]
[Black "Jones, Gawain C B"]
[WhiteFideId "30920019"]
[BlackFideId "409561"]
[WhiteElo "2524"]
[BlackElo "2630"]
[Result "0-1"]
[Round "15"]
[TimeControl "900+10"]
[Date "2022.05.22"]
[WhiteClock "0:00:30"]
[BlackClock "0:03:09"]

1. e4 e5 2. Nf3 Nc6 3. Bc4 Nf6 4. d3 Bc5 5. c3 d6 6. O-O O-O 7. Re1 a5 8. Bg5 h6 9. Bh4 Ba7 10. Na3 Kh8 11. Nc2 g5 12. Bg3 Be6 13. Bb5 Bd7 14. d4 Nxd4 15. Nfxd4 exd4 16. Bxd7 Nxd7 17. cxd4 Qf6 18. Qd3 h5 19. f3 Ne5 20. Qd2 Ng6 21. Bf2 Nf4 22. Rad1 d5 23. Ne3 Rad8 24. Nf5 Rfe8 25. Qxa5 Bb6 26. Qc3 h4 27. Kh1 Re6 28. h3 Rde8 29. Qc2 Qg6 30. Bg1 Qxf5 31. exf5 Rxe1 32. Rxe1 Rxe1 33. Qd2 Re2 34. Qb4 Kg8 35. Bh2 Nd3 36. Qc3 Nf2+ 37. Kg1 Nd1 38. Qb4 c5 39. Qb5 Re1+ 40. Qf1 Rxf1+ 41. Kxf1 c4 42. Ke2 Nxb2 43. Be5 Nd3 44. Bf6 Nc1+ 45. Kd2 Nxa2 46. Bxg5 Bxd4 47. Bxh4 b5 48. Kc2 b4 0-1


[Site "http://www.chessbomb.com"]

[Event "Meltwater Champions Chess Tour 2022: Chessable Masters | Prelims"]
[White "Shankland, Sam"]
[Black "Harikrishna, Pentala"]
[WhiteFideId "2004887"]
[BlackFideId "5007003"]
[WhiteElo "2616"]
[BlackElo "2624"]
[Result "1-0"]
[Round "15"]
[TimeControl "900+10"]
[Date "2022.05.22"]
[WhiteClock "0:02:36"]
[BlackClock "0:02:37"]

1. d4 Nf6 2. c4 e6 3. Nf3 d5 4. Nc3 Bb4 5. cxd5 exd5 6. Bg5 h6 7. Bh4 Bf5 8. Qb3 Nc6 9. e3 O-O 10. Bxf6 Qxf6 11. Qxd5 Rfe8 12. Be2 Be4 13. Qc4 b5 14. Qb3 Bxf3 15. gxf3 Qh4 16. O-O-O Qxf2 17. Bxb5 Qxe3+ 18. Rd2 Nxd4 19. Qxb4 c5 20. Qc4 Red8 21. Rd1 Rd6 22. Kb1 Rc8 23. Qd3 Qe5 24. Qe4 Qh5 25. Qg4 Qe5 26. Qxc8+ 1-0


[Site "http://www.chessbomb.com"]

[Event "Meltwater Champions Chess Tour 2022: Chessable Masters | Prelims"]
[White "Vidit, Santosh Gujrathi"]
[Black "Praggnanandhaa, R"]
[WhiteFideId "5029465"]
[BlackFideId "25059530"]
[WhiteElo "2617"]
[BlackElo "1927"]
[Result "0-1"]
[Round "15"]
[TimeControl "900+10"]
[Date "2022.05.22"]
[WhiteClock "0:00:25"]
[BlackClock "0:00:52"]

1. e4 c5 2. Nf3 Nc6 3. Bb5 e6 4. Bxc6 bxc6 5. d3 Ne7 6. h4 h5 7. Nbd2 f6 8. e5 fxe5 9. Nxe5 d6 10. Nec4 Nf5 11. Nf3 Be7 12. Bg5 e5 13. Qd2 Be6 14. Bxe7 Qxe7 15. Ng5 O-O 16. O-O-O Rab8 17. c3 Bd5 18. f3 Nh6 19. Ne4 Nf7 20. Ng3 g6 21. Rde1 a5 22. f4 Qe6 23. Nxa5 Bxa2 24. fxe5 dxe5 25. c4 Rb4 26. Ne4 Rfb8 27. Re2 Kg7 28. Rf1 Nd6 29. Nxc5 Qg4 30. Qe3 Re8 31. Qf3 Qd4 32. Qf6+ Kh7 33. Ne6 Rxe6 34. Qxe6 Qxd3 35. Qe7+ Kh6 36. Rf8 Qb1+ 37. Kd2 Rxb2+ 38. Ke3 Qe4+ 0-1


[Site "http://www.chessbomb.com"]

[Event "Meltwater Champions Chess Tour 2022: Chessable Masters | Prelims"]
[White "Wei, Yi"]
[Black "Grandelius, Nils"]
[WhiteFideId "8603405"]
[BlackFideId "1710400"]
[WhiteElo "2752"]
[BlackElo "2652"]
[Result "1-0"]
[Round "15"]
[TimeControl "900+10"]
[Date "2022.05.22"]
[WhiteClock "0:00:43"]
[BlackClock "0:00:46"]

1. e4 c5 2. Nf3 d6 3. d4 cxd4 4. Nxd4 Nf6 5. Nc3 a6 6. Be3 e5 7. Nb3 Be6 8. Qd2 Be7 9. h3 O-O 10. O-O-O Nbd7 11. g4 b5 12. a3 Qc7 13. Kb1 Nc5 14. Nd5 Bxd5 15. exd5 Nfe4 16. Qe1 Bh4 17. Rg1 f5 18. gxf5 Rxf5 19. Nxc5 Nxc5 20. Rg4 Bf6 21. h4 e4 22. Bh3 Re5 23. Bd4 Rf8 24. Bxe5 Bxe5 25. Rg5 Bf6 26. Rf5 g6 27. Rf4 Qg7 28. Be6+ Kh8 29. h5 Qh6 30. Rxf6 Rxf6 31. Qc3 g5 32. b4 Na4 33. Qd4 Qg7 34. Kc1 Rf4 35. h6 Qxd4 36. Rxd4 Nb6 37. a4 Rh4 38. a5 Nc4 39. Kd1 Rxh6 40. Rxe4 Rf6 41. Bc8 Rxf2 42. Bxa6 Rd2+ 43. Ke1 Rxc2 44. Bxb5 Ne5 45. Rxe5 dxe5 46. d6 Rc8 47. d7 Rf8 48. Bc6 1-0


[Site "http://www.chessbomb.com"]

[Event "Meltwater Champions Chess Tour 2022: Chessable Masters | Prelims"]
[White "Giri, Anish"]
[Black "Tari, Aryan"]
[WhiteFideId "24116068"]
[BlackFideId "1510045"]
[WhiteElo "2730"]
[BlackElo "2531"]
[Result "1/2-1/2"]
[Round "15"]
[TimeControl "900+10"]
[Date "2022.05.22"]
[WhiteClock "0:03:29"]
[BlackClock "0:02:49"]

1. e4 c6 2. Nc3 d5 3. Nf3 dxe4 4. Nxe4 Nf6 5. Qe2 Nxe4 6. Qxe4 Nd7 7. Bc4 Nf6 8. Ne5 e6 9. Qf4 Bd6 10. d4 O-O 11. Qg3 c5 12. Bh6 Nh5 13. Qg4 cxd4 14. Nf3 Qa5+ 15. Bd2 Bb4 16. O-O-O Bxd2+ 17. Rxd2 Nf6 18. Qg5 Qxg5 19. Nxg5 Bd7 20. Rxd4 Bc6 21. f3 Rfd8 22. Rxd8+ Rxd8 23. Nh3 Kf8 24. a3 h6 25. Nf2 g5 26. Re1 h5 27. Nd3 b6 28. Ne5 Bb7 29. c3 g4 30. Be2 gxf3 31. Bxf3 Bxf3 32. Nxf3 Ke7 33. Kc2 Nd5 34. g3 Rg8 35. c4 Nf6 36. b4 Nd7 37. Nd4 a6 38. Kc3 e5 39. Nf5+ Ke6 40. Nd4+ Ke7 41. Nf5+ Ke6 42. Nd4+ Ke7 1/2-1/2

[Event "Meltwater Champions Chess Tour 2022: Ch"]
[Site "http://www.chessbomb.com"]
[Date "2022.05.19"]
[Round "1"]
[White "Praggnanandhaa, R."]
[Black "Wei, Yi"]
[Result "1/2-1/2"]
[ECO "B51"]
[WhiteElo "1927"]
[BlackElo "2752"]
[PlyCount "85"]
[EventDate "2022.??.??"]
[TimeControl "900+10"]
[WhiteClock "0:00:55"]
[BlackClock "0:02:12"]

1. e4 c5 2. Nf3 d6 3. Bb5+ Nd7 4. a4 Ngf6 5. Nc3 a6 6. Be2 b6 7. d4 cxd4 8. Qxd4 Bb7 9. O-O e5 10. Qe3 Be7 11. Nd2 O-O 12. Rd1 Qc7 13.
Nc4 Nc5 14. Bf3 Rad8 15. Qe2 Ncxe4 16. Nxe4 Nxe4 17. Bxe4 Bxe4 18. Qxe4 d5 19. Qxe5 dxc4 20. Bf4 Rxd1+ 21. Rxd1 Rd8 22. Rxd8+ Qxd8 23. g3 Bf6 24. Qe4 Qc8 25. c3 b5 26. axb5 axb5 27. Qd5 Qe8 28. Kg2 g6 29. Bh6 Bg7 30. Be3 h5 31. h3 Qe5 32. Qd8+ Kh7 33.
Qd7 Qe4+ 34. Kh2 Qf5 35. Qb7 Kg8 36. Kg2 Bf6 37. Qc6 Kh7 38.
Qb7 Kg7 39. h4 Kg8 40. Qa8+ Kg7 41. Qb7 Kg8 42. Qa8+ Kg7 43. Qb7 1/2-1/2

[Event "Meltwater Champions Chess Tour 2022: Ch"]
[Site "http://www.chessbomb.com"]
[Date "2022.05.19"]
[Round "1"]
[White "Jones, Gawain C B"]
[Black "Shankland, Sam"]
[Result "0-1"]
[ECO "B22"]
[WhiteElo "2630"]
[BlackElo "2616"]
[PlyCount "96"]
[EventDate "2022.??.??"]
[TimeControl "900+10"]
[WhiteClock "0:00:11"]
[BlackClock "0:03:15"]

1. e4 c5 2. c3 Nf6 3. e5 Nd5 4. Nf3 d6 5. d4 cxd4 6. cxd4 Nc6 7. Bc4 dxe5 8.
dxe5 Be6 9. O-O g6 10. Ng5 Bg7 11. Nxe6 fxe6 12. f4 Qa5 13. Bxd5 exd5 14. Nc3 e6 15. Qg4 Nd4 16. Be3 Nf5 17. Bf2 O-O 18. Qe2 Rac8 19. g4 Ne7 20. Bh4 Nc6 21. Nb5 Qb4 22. Bg3 Nd4 23. Nxd4 Qxd4+ 24. Rf2 Rc4 25. Raf1 Rfc8 26. Kh1 Qe4+ 27. Qxe4 Rxe4 28. Kg2 Kf7 29. Rd1 h5 30. h3 hxg4 31. hxg4 g5 32. f5 Bxe5 33. Bxe5 Rxe5 34. fxe6+ Kxe6 35. Rdf1 d4 36. Rf6+ Kd5 37. R1f2 d3 38. Rf7 Ke4 39. Rf1 Rc2+ 40. Kg3 Rxb2 41. Re1+ Kd4 42. Rd7+ Rd5 43. Rde7 d2 44. Rd1 Kd3 45. Kf3 Rb4 46. Rh1 Rf4+ 47. Kg3 Re4 48. Rxb7 Re1 0-1

[Event "Meltwater Champions Chess Tour 2022: Ch"]
[Site "http://www.chessbomb.com"]
[Date "2022.05.19"]
[Round "3"]
[White "Hansen, Eric"]
[Black "Mishra, Abhimanyu"]
[Result "0-1"]
[ECO "B51"]
[WhiteElo "2579"]
[BlackElo "2524"]
[PlyCount "98"]
[EventDate "2022.??.??"]
[TimeControl "900+10"]
[WhiteClock "0:00:47"]
[BlackClock "0:00:28"]

1. e4 c5 2. Nf3 d6 3. Bb5+ Nd7 4. c3 Ngf6 5. Qe2 a6 6. Ba4 b5 7. Bc2 Bb7 8. O-O g6 9. d4 Bg7 10. Rd1 cxd4 11. cxd4 O-O 12. Nc3 Qc7 13. Bd3 Nb6 14. a3 Rac8 15. h3 Nc4 16. Qe1 Rfe8 17. a4 b4 18.
Nb1 e5 19. dxe5 dxe5 20. Nbd2 Nd6 21. Qe2 a5 22. b3 Nd7 23. Bb2 Nc5 24. Rac1 Qe7 25. Bb5 Red8 26. Qe3 Nxb5 27. axb5 Rd3 28. Qe2 Rcd8 29. Nc4 Rxd1+ 30. Rxd1 Nxb3 31.
Nfxe5 a4 32. Nc6 Bxc6 33. bxc6 a3 34. Rxd8+ Qxd8 35. Nxa3 bxa3 36. Bxa3 Nd4 37. Qa6 Be5 38. g3 h5 39. Bc5 Ne6 40. Be3 Qd1+ 41. Kg2 Qc2 42. Qc8+ Kg7 43. Qd7 Qxe4+ 44. Kf1 Bxg3 45. Bb6 Be5 46. Be3 Qh1+ 47. Ke2 Qxh3 48. Qd5 Qf5 49. Qc4 Qg4+ 0-1

[Event "Meltwater Champions Chess Tour 2022: Ch"]
[Site "http://www.chessbomb.com"]
[Date "2022.05.19"]
[Round "4"]
[White "Vidit, Santosh Gujrathi"]
[Black "Ding, Liren"]
[Result "1/2-1/2"]
[ECO "E32"]
[WhiteElo "2617"]
[BlackElo "2836"]
[PlyCount "132"]
[EventDate "2022.??.??"]
[TimeControl "900+10"]
[WhiteClock "0:01:56"]
[BlackClock "0:03:18"]

1. d4 Nf6 2. c4 e6 3. Nc3 Bb4 4. Qc2 O-O 5. e4 d5 6. e5 Ne4 7. Bd3 c5 8.
Nge2 cxd4 9. Nxd4 Nd7 10. Bf4 Qh4 11. g3 Qh5 12. O-O Bxc3 13.
bxc3 g5 14. cxd5 exd5 15. Be3 Nxe5 16. f3 Nc5 17. Bf5 Ne6 18.
Rae1 Nxd4 19. Bxd4 Nc6 20. Bf6 Qh6 21. Bxc8 Raxc8 22. Qf5 Qg6 23. Qxg5 Qxg5 24. Bxg5 f6 25. Bf4 Rfd8 26. Rf2 Kf7 27. Rd2 d4 28. cxd4 Rxd4 29. Rb1 b6 30. Rc2 Rdd8 31. Rbc1 Ne7 32. Rc7 a6 33. Kf2 h5 34. Rb7 Ke8 35. Re1 Rc2+ 36. Kg1 Rd7 37. Rxb6 Kf7 38. Rxa6 Rb7 39. Be3 Nf5 40. Ra7 Rxa7 41. Bxa7 Rxa2 42. Bf2 Nd6 43. Rc1 Kg6 44. Rc6 Nf5 45. h3 Ra1+ 46. Kg2 Ra2 47. Re6 Nd4 48. Re4 Nf5 49. g4 hxg4 50. hxg4 Ng7 51. Rc4 Ne6 52. Kg3 Ra3 53. Kg2 Ra2 54. Re4 Ng5 55. Re3 f5 56. gxf5+ Kxf5 57. Rb3 Nh3 58. Kxh3 Rxf2 59. Kg3 Ra2 60. Rb5+ Kf6 61. f4 Ra1 62. Kg4 Rg1+ 63. Kf3 Rf1+ 64. Kg4 Rg1+ 65. Kf3 Rf1+ 66. Kg4 Rg1+ 1/2-1/2

[Event "Meltwater Champions Chess Tour 2022: Ch"]
[Site "http://www.chessbomb.com"]
[Date "2022.05.21"]
[Round "12"]
[White "Giri, Anish"]
[Black "Vidit, Santosh Gujrathi"]
[Result "1-0"]
[ECO "C54"]
[WhiteElo "2730"]
[BlackElo "2617"]
[PlyCount "135"]
[EventDate "2022.??.??"]
[TimeControl "900+10"]
[WhiteClock "0:03:19"]
[BlackClock "0:01:29"]

1. e4 e5 2. Nf3 Nc6 3. Bc4 Nf6 4. d3 Bc5 5. O-O O-O 6. Nbd2 d6 7. c3 a5 8. h3 h6 9. Re1 Be6 10. Bb5 Bb6 11. Nc4 Bc5 12. Ba4 Ne7 13.
Ncd2 Ng6 14. d4 Ba7 15. Bc2 Re8 16. Nf1 exd4 17. cxd4 d5 18.
e5 Ne4 19. Ng3 Nxg3 20. fxg3 c5 21. Be3 Rc8 22. Kh2 cxd4 23.
Bxd4 Bxd4 24. Nxd4 Qb6 25. b3 Bd7 26. e6 Bxe6 27. Bxg6 fxg6 28. Nxe6 Rxe6 29. Qxd5 Rce8 30. Rxe6 Qxe6 31. Qxa5 Qe5 32. Qxe5 Rxe5 33. Rf1 b5 34. a3 Re3 35. Rf3 Re2 36. g4 Ra2 37. b4 g5 38. Kg3 Rc2 39. Re3 Kf7 40. Kf3 Ra2 41. g3 Kf6 42. Ke4 Ke6 43.
h4 gxh4 44. gxh4 g5 45. hxg5 hxg5 46. Rh3 Rf2 47. Kd4 Rc2 48. Rh6+ Kd7 49. Ke5 Rc3 50. Kf5 Rxa3 51. Rb6 Ra4 52. Rxb5 Kc6 53. Rc5+ Kd6 54. Rc4 Kd5 55. Rc1 Rxb4 56. Rd1+ Kc6 57. Kxg5 Rb2 58. Kg6 Rg2 59. g5 Rg3 60. Kf6 Rf3+ 61. Kg7 Rg3 62. g6 Rg2 63. Kf7 Rf2+ 64. Kg8 Rg2 65. g7 Rg3 66. Rf1 Kd6 67. Kf7 Rg1 68. Rxg1 1-0

[Event "Meltwater Champions Chess Tour 2022: Ch"]
[Site "http://www.chessbomb.com"]
[Date "2022.05.22"]
[Round "15"]
[White "Shankland, Sam"]
[Black "Harikrishna, Pentala"]
[Result "1-0"]
[ECO "D38"]
[WhiteElo "2616"]
[BlackElo "2624"]
[PlyCount "51"]
[EventDate "2022.??.??"]
[TimeControl "900+10"]
[WhiteClock "0:02:36"]
[BlackClock "0:02:37"]

1. d4 Nf6 2. c4 e6 3. Nf3 d5 4. Nc3 Bb4 5. cxd5 exd5 6. Bg5 h6 7. Bh4 Bf5 8. Qb3 Nc6 9. e3 O-O 10. Bxf6 Qxf6 11. Qxd5 Rfe8 12. Be2 Be4 13. Qc4 b5 14. Qb3 Bxf3 15. gxf3 Qh4 16. O-O-O Qxf2 17. Bxb5 Qxe3+ 18. Rd2 Nxd4 19. Qxb4 c5 20. Qc4 Red8 21. Rhd1 Rd6 22. Kb1 Rc8 23. Qd3 Qe5 24. Qe4 Qh5 25. Qg4 Qe5 26. Qxc8+ 1-0